 Dungeon Crawl Stone Soup version 0.30-a0-626-gd6a5dd7a1f (webtiles) character file.

Game seed: 7224055879595199741

4949 testman the Protected (level 10, -1/74 HPs)
             Began as a Gnoll Wanderer on Jan 11, 2023.
             Was a Priest of Ignis.
             Killed by divine providence
             ... invoked by an orc priest
              (12 damage)
             ... on level 9 of the Dungeon.
             The game lasted 00:24:35 (8439 turns).

testman the Protected (Gnoll Wanderer)              Turns: 8439, Time: 00:24:35

Health: -1/74      AC: 21    Str: 11    XL:     10   Next: 52%
Magic:  27/27      EV: 15    Int: 10    God:    Ignis [***...]
Gold:   487        SH:  0    Dex: 18    Spells: 18/20 levels left

rFire   + . .      SeeInvis .    J - +0 great sword
rCold   + . .      Faith    .    (shield currently unavailable)
rNeg    . . .      Spirit   .    r - +2 robe {rC+}
rPois   .          Reflect  .    o - +1 helmet
rElec   .          Harm     .    (no cloak)
rCorr   .          Rampage  .    (no gloves)
Will    .....                    v - +2 pair of boots
Stlth   +++                      L - amulet of the acrobat
HPRegen 0.32/turn                u - ring of magical power
MPRegen 0.20/turn                E - +4 ring of protection

@: fiery-armoured, studying Hexes
A: fangs 1, strong nose, distributed training
a: Renounce Religion, Fiery Armour, Foxfire Swarm, Rising Flame


You were on level 9 of the Dungeon.
You worshipped Ignis.
Ignis was most pleased with you.
You visited 2 branches of the dungeon, and saw 10 of its levels.
You also visited: Sewer.

You collected 487 gold pieces.

Inventory:

Hand Weapons
 m - a +2 flail of holy wrath
 x - a +0 scimitar
 I - a +2 antimagic spear
 J - a +0 great sword (weapon)
 O - a +1 dagger of venom
Missiles
 e - 2 throwing nets (quivered)
 k - 12 boomerangs
 B - 17 poisoned darts
Armour
 c - a +0 ring mail
 o - a +1 helmet (worn)
 r - a +2 robe of cold resistance (worn)
 v - a +2 pair of boots (worn)
Jewellery
 u - a ring of magical power (left hand)
 E - a +4 ring of protection (right hand)
 L - an amulet of the acrobat (around neck)
Wands
 w - a wand of flame (2)
 M - a wand of charming (7)
 N - a wand of digging (5)
Scrolls
 d - 3 scrolls of butterflies
 g - 2 scrolls of amnesia
 i - a scroll of immolation
 j - 3 scrolls of fear
 l - a scroll of vulnerability
 q - a scroll of teleportation
 y - a scroll of magic mapping
 A - 4 scrolls of blinking
 C - a scroll of torment {unknown}
 H - a scroll of enchant weapon {unknown}
 K - 2 scrolls of silence {unknown}
Potions
 f - 2 potions of heal wounds
 h - a potion of berserk rage
 n - 5 potions of curing
 p - 4 potions of magic
 s - a potion of cancellation {unknown}
 t - a potion of attraction {unknown}
 z - 3 potions of brilliance
 D - 2 potions of lignification
 F - a potion of haste {unknown}
 G - a potion of might


   Skills:
 + Level 5.5 Fighting
 + Level 8.7 Short Blades
 + Level 7.3 Long Blades
 + Level 5.5 Axes
 + Level 5.5 Maces & Flails
 + Level 5.5 Polearms
 + Level 5.5 Staves
 + Level 5.5 Ranged Weapons
 + Level 6.2 Throwing
 + Level 8.7 Armour
 + Level 6.2 Dodging
 + Level 5.5 Stealth
 + Level 5.5 Shields
 + Level 5.5 Unarmed Combat
 + Level 5.5 Spellcasting
 + Level 4.6 Conjurations
 + Level 6.1 Hexes
 + Level 4.6 Summonings
 + Level 4.6 Necromancy
 + Level 4.6 Translocations
 + Level 4.6 Transmutations
 + Level 4.6 Fire Magic
 + Level 4.6 Ice Magic
 + Level 4.6 Air Magic
 + Level 4.6 Earth Magic
 + Level 4.6 Poison Magic
 + Level 6.1 Invocations
 + Level 5.5 Evocations


You had 18 spell levels left.
You knew the following spells:

 Your Spells              Type           Power      Damage    Failure   Level
a - Passwall              Tmut/Erth      10%        N/A       4%          2

Your spell library contained the following spells:

 Spells                   Type           Power      Damage    Failure   Level
 Sandblast                Erth           24%        2d8       3%          1
 Frozen Ramparts          Ice            24%        1d4       10%         3
 Stone Arrow              Conj/Erth      24%        3d8       10%         3
 Ice Form                 Ice/Tmut       12%        N/A       32%         4
 Summon Ice Beast         Ice/Summ       12%        N/A       32%         4


Dungeon Overview and Level Annotations

Branches:
Dungeon (9/15)             Temple (1/1) D:7            Lair (0/5) D:9
  Sewer (visited)
    Orc: D:9-12

Altars:
Ashenzari
Cheibriados
Dithmenos
Elyvilon
Fedhas
Gozag
Hepliaklqana
Kikubaaqudgha
Makhleb
Nemelex Xobeh
Okawaru
Qazlal
Ru
Sif Muna
Trog
Uskayaw
Vehumet
Wu Jian
Xom
Yredelemnul
Zin
The Shining One
Ignis

Shops:
D:1 *

Annotations:
D:4 2 runed translucent doors, mccafe's ghost, amateur DrAr
D:7 exclusion: ice statue


Innate Abilities, Weirdness & Mutations

You have very sharp teeth.
Your uncanny sense of smell can sniff out nearby items.
Your experience applies equally to all skills.


Message History

You bite the two-headed ogre, but do no damage.
The two-headed ogre is almost dead.
The two-headed ogre hits you with a +0 giant club!!
* * * LOW HITPOINT WARNING * * *
The two-headed ogre is burned by your cloak of flames.
The two-headed ogre is almost dead.
The two-headed ogre barely misses you.
You hit the two-headed ogre. You bite the two-headed ogre.
You kill the two-headed ogre!
The orc warrior barely misses you.
The orc wizard gestures wildly while chanting.
The orc wizard flickers and vanishes!
Deactivating autopickup; reactivate with Ctrl-A.
Your Hexes skill increases to level 6!
Your Invocations skill increases to level 6!
You slash the orc warrior!
The orc warrior is moderately wounded.
The orc warrior hits you with a +0 long sword.
* * * LOW HITPOINT WARNING * * *
You hit the orc warrior.
The orc warrior is heavily wounded.
The orc warrior hits you with a +0 long sword.
* * * LOW HITPOINT WARNING * * *
The orc warrior is burned by your cloak of flames.
The orc warrior is heavily wounded.
You slash the orc warrior!
The orc warrior is almost dead.
The orc warrior hits you but does no damage. x2
The orc warrior is burned by your cloak of flames.
The orc warrior is almost dead.
You slash the orc warrior!
You kill the orc warrior!
You hear some strange, mumbled words.
A puff of flame appears from out of thin air!
The puff of flame hits you but does no damage.
You hit the orc priest.
The orc priest is moderately wounded.
The orc priest calls down the wrath of Beogh upon you.
Beogh smites you!
You die...

∆ #...##.#..
##........#
#....##.###
#####.#.##...##
∆
#.......#.###.#
#.###.###.# #.#
#.# #.# #.###.#
######.# #.#
##....#
#.o@...# #.#
####.# #o####.#
#.# #.# .o. ###
#.# #.# .....
#.# #.# #......
#.# #.# ...P..o
∆ #.. ......>
### .......


You could see an orc priest and 2 orcs.

Vanquished Creatures
  A two-headed ogre (D:9)
  Sigmund (D:2)
  5 yaks (D:6)
  A steam dragon (D:8)
  A warg (D:9)
  Menkaure (D:7)
  4 water moccasins
  Pargi (D:3)
  An orc warrior (D:9)
  2 sky beasts
  An ice beast (D:8)
  An ogre (D:4)
  3 centaurs
  A phantom (D:7)
  A kobold brigand (D:3)
  A necrophage (D:7)
  3 bullfrogs
  3 scorpions (D:6)
  7 wights
  5 killer bees (D:8)
  5 jellies
  3 orc priests
  2 hounds
  Ijyb (D:3)
  Jessica (D:2)
  5 iguanas
  2 orc wizards
  3 gnolls (D:6)
  6 adders
  2 shadow imps
  2 white imps
  An ufetubus (D:7)
  4 worms
  2 dart slugs (D:3)
  23 orcs
  7 endoplasms
  4 giant cockroaches
  4 goblins
  12 hobgoblins
  6 jackals
  18 kobolds
  5 quokkas
  10 ball pythons
  6 bats
  4 frilled lizards
  7 rats
189 creatures vanquished.

Notes
Turn   | Place    | Note
-------+----------+-------------------------------------------
     0 | D:1      | testman the Gnoll Wanderer began the quest for the Orb.
     0 | D:1      | testman set off with the following items: a +2 short sword,
                  | a +0 falchion, a +0 ring mail, a scroll of butterflies.
     0 | D:1      | Reached XP level 1. HP: 13/13 MP: 1/1
    59 | D:1      | Found Jotwof's Assorted Antiques.
   124 | D:1      | Found a faded altar of an unknown god.
   128 | D:1      | Prayed at the altar of an unknown god.
   128 | D:1      | Became a worshipper of Ignis, the Dying Flame
   153 | D:1      | Reached XP level 2. HP: 14/19 MP: 2/2
   424 | D:1      | Reached XP level 3. HP: 23/25 MP: 3/3
   609 | D:1      | Reached skill level 1 in Invocations
  1120 | D:2      | Noticed Sigmund
  1164 | D:2      | Killed Sigmund
  1165 | D:2      | Reached skill level 1 in Fighting
  1165 | D:2      | Reached skill level 1 in Axes
  1165 | D:2      | Reached skill level 1 in Maces & Flails
  1165 | D:2      | Reached skill level 1 in Polearms
  1165 | D:2      | Reached skill level 1 in Staves
  1165 | D:2      | Reached skill level 1 in Ranged Weapons
  1165 | D:2      | Reached skill level 1 in Stealth
  1165 | D:2      | Reached skill level 1 in Shields
  1165 | D:2      | Reached skill level 1 in Unarmed Combat
  1165 | D:2      | Reached skill level 1 in Spellcasting
  1165 | D:2      | Reached skill level 1 in Conjurations
  1165 | D:2      | Reached skill level 1 in Hexes
  1165 | D:2      | Reached skill level 1 in Summonings
  1165 | D:2      | Reached skill level 1 in Necromancy
  1165 | D:2      | Reached skill level 1 in Translocations
  1165 | D:2      | Reached skill level 1 in Transmutations
  1165 | D:2      | Reached skill level 1 in Fire Magic
  1165 | D:2      | Reached skill level 1 in Ice Magic
  1165 | D:2      | Reached skill level 1 in Air Magic
  1165 | D:2      | Reached skill level 1 in Earth Magic
  1165 | D:2      | Reached skill level 1 in Poison Magic
  1165 | D:2      | Reached skill level 1 in Evocations
  1165 | D:2      | Reached XP level 4. HP: 14/33 MP: 4/6
  1165 | D:2      | Reached XP level 5. HP: 16/38 MP: 4/7
  1433 | D:2      | Reached XP level 6. HP: 33/44 MP: 8/8
  1519 | D:2      | Noticed Jessica
  1538 | D:2      | Killed Jessica
  1974 | D:3      | Noticed Ijyb
  1999 | D:2      | Reached skill level 5 in Long Blades
  2040 | D:3      | Killed Ijyb
  2288 | D:3      | Noticed Pargi
  2322 | D:3      | Killed Pargi
  2338 | D:3      | Reached XP level 7. HP: 47/51 MP: 10/10
  2489 | D:3      | Found an ornate altar of the Wu Jian Council.
  3297 | D:4      | Found a large runed translucent door.
  3340 | D:4      | Found a large runed translucent door.
  3537 | D:4      | Noticed mccafe's ghost (amateur DrAr)
  3577 | D:5      | Entered Level 5 of the Dungeon
  4761 | D:6      | Reached XP level 8. HP: 58/58 MP: 12/12
  4939 | D:6      | Found a glowing drain.
  4950 | Sewer    | Entered a sewer
  5643 | D:6      | Reached XP level 9. HP: 55/65 MP: 14/14
  5649 | D:6      | Learned a level 2 spell: Passwall
  6010 | D:6      | Reached skill level 5 in Throwing
  6010 | D:6      | Reached skill level 5 in Dodging
  6031 | D:6      | Reached skill level 5 in Invocations
  6431 | D:7      | Found a staircase to the Ecumenical Temple.
  6479 | D:7      | Reached skill level 5 in Hexes
  6489 | Temple   | Entered the Ecumenical Temple
  6857 | D:7      | Noticed Menkaure
  6879 | D:7      | Killed Menkaure
  6961 | D:7      | Noticed an ice statue
  7438 | D:8      | Reached skill level 5 in Fighting
  7438 | D:8      | Reached skill level 5 in Axes
  7438 | D:8      | Reached skill level 5 in Maces & Flails
  7438 | D:8      | Reached skill level 5 in Polearms
  7438 | D:8      | Reached skill level 5 in Staves
  7438 | D:8      | Reached skill level 5 in Ranged Weapons
  7438 | D:8      | Reached skill level 5 in Stealth
  7438 | D:8      | Reached skill level 5 in Shields
  7438 | D:8      | Reached skill level 5 in Unarmed Combat
  7438 | D:8      | Reached skill level 5 in Spellcasting
  7438 | D:8      | Reached skill level 5 in Evocations
  7462 | D:8      | Reached XP level 10. HP: 74/74 MP: 17/17
  8419 | D:9      | Found a staircase to the Lair.
  8419 | D:9      | Noticed a two-headed ogre
  8434 | D:9      | Killed a two-headed ogre
  8439 | D:9      | Killed from afar by an orc priest

Illustrated notes

Levels and vault maps discovered:
D:1:      shiori_arrival_oz, layout_basic,
          hellmonk_ecumenical_altar_heavens_door, serial_shops, shop
D:2:      layout_loops_ring, nrook_mini_backslash, serial_bayou_ford_a,
          minmay_pentomino_s2, uniq_sigmund, uniq_jessica
D:3:      cheibrodos_thug_alley, layout_rooms, pdpol_wu_jian_five_deadly_venoms,
          uniq_pargi, uniq_ijyb
D:4:      layout_gridville, ebering_ghost_disaster_area
D:5:      layout_gridville, minmay_tree_intersection, water_boxes_lemuel
D:6:      layout_cave_pools, portal_sewer_entry_e, st_stairs_10,
          minmay_manual_monstrance
D:7:      lemuel_ice_statue, layout_loops_cross, minmay_temple_entry_junction,
          kennysheep_generic_room_11, uniq_menkaure
D:8:      layout_loops_cross
D:9:      layout_loops_ring, erik_lair_orcish_takeover, erik_orc_1
Temple:   mainiacjoe_temple_hex_bubbles

Skill      XL: |  1  2  3  4  5  6  7  8  9 10 |
---------------+-------------------------------+-----
Invocations    | 2 3 4 5 6 |  6.1
Fighting       | 1 2 3 5 |  5.5
Axes           | 1 2 3 5 |  5.5
Maces & Flails | 1 2 3 5 |  5.5
Polearms       | 1 2 3 5 |  5.5
Staves         | 1 2 3 5 |  5.5
Ranged Weapons | 1 2 3 5 |  5.5
Throwing       | 3 4 5 6 |  6.2
Dodging        | 3 4 5 6 |  6.2
Stealth        | 1 2 3 5 |  5.5
Shields        | 1 2 3 5 |  5.5
Unarmed Combat | 1 2 3 5 |  5.5
Spellcasting   | 1 2 3 5 |  5.5
Conjurations   | 1 2 3 4 |  4.6
Hexes          | 1 2 3 5 6 |  6.1
Summonings     | 1 2 3 4 |  4.6
Necromancy     | 1 2 3 4 |  4.6
Translocations | 1 2 3 4 |  4.6
Transmutations | 1 2 3 4 |  4.6
Fire Magic     | 1 2 3 4 |  4.6
Ice Magic      | 1 2 3 4 |  4.6
Air Magic      | 1 2 3 4 |  4.6
Earth Magic    | 1 2 3 4 |  4.6
Poison Magic   | 1 2 3 4 |  4.6
Evocations     | 1 2 3 5 |  5.5
Long Blades    | 5 6 7 |  7.3
Short Blades   | 7 8 |  8.7
Armour         | 7 8 |  8.7

Action                   |  1- 3 |  4- 6 |  7- 9 | 10-12 || total
-------------------------+-------+-------+-------+-------++-------
Melee: Short sword       |   124 |   166 |    22 |       ||   312
       Bite              |     7 |    19 |    47 |     6 ||    79
       Punch             |       |     1 |     6 |       ||     7
       Scimitar          |       |       |   257 |       ||   257
       Great sword       |       |       |   124 |    72 ||   196
 Cast: Passwall          |       |       |     4 |       ||     4
Invok: Fiery Armour      |     1 |     1 |     2 |     2 ||     6
  Use: Scroll            |       |       |    13 |       ||    13
       Potion            |       |       |     3 |     1 ||     4
 Stab: Sleeping          |       |     3 |    14 |     1 ||    18
Armor: Ring mail         |    29 |     9 |       |       ||    38
       Robe              |       |    52 |   178 |    63 ||   293
Dodge: Dodged            |    42 |    94 |   292 |   134 ||   562

Table legend: (Time is in decaauts)
 A = Elapsed time spent in this place.
 B = Non-inter-level travel time spent in this place.
 C = Inter-level travel time spent in this place.
 D = Time resting spent in this place.
 E = Time spent auto-exploring this place.
 F = Levels seen in this place.
 G = Mean time per level.
                   A        B        C        D        E       F      G
               +--------+--------+--------+--------+--------+-----+--------+
         Total |   8457 |   8012 |    445 |    139 |   6153 |  11 |  768.8 |
       Dungeon |   8004 |   7598 |    406 |    139 |   5808 |   9 |  889.3 |
        Temple |    249 |    210 |     39 |      0 |    209 |   1 |  249.0 |
         Sewer |    203 |    203 |      0 |      0 |    136 |   1 |  203.0 |
               +--------+--------+--------+--------+--------+-----+--------+

Top non-repeatable levels by time:
     D:6: 1339 daAuts
     D:5: 1168 daAuts
     D:8: 1057 daAuts
     D:1: 999 daAuts
     D:2: 933 daAuts
     D:4: 874 daAuts
     D:7: 854 daAuts
     D:3: 688 daAuts
  Temple: 249 daAuts
   Sewer: 203 daAuts
     D:9: 88 daAuts
